 Dungeon Crawl Stone Soup version 0.28.0-47-ge53b351184 (webtiles) character file.

Game seed: 8605466708362156115

250 issech the Cudgeller (level 5, -6/53 HPs)
             Began as a Troll Fighter on May 3, 2022.
             Mangled by a hornet zombie (12 damage)
             ... on level 4 of the Dungeon.
             The game lasted 00:05:18 (1866 turns).

issech the Cudgeller (Troll Fighter)                Turns: 1866, Time: 00:05:19

Health: -6/53      AC:  4    Str: 24    XL:     5   Next: 88%
Magic:  4/4        EV:  9    Int:  4    God:
Gold:   48         SH:  7    Dex: 11    Spells: 4/4 levels left

rFire   . . .      SeeInvis .   a - +0 flail
rCold   . . .      Faith    .   c - +0 kite shield
rNeg    . . .      Spirit   .   b - +0 robe
rPois   .          Reflect  .   (helmet restricted)
rElec   .          Harm     .   (no cloak)
rCorr   .          Rampage  .   (gloves unavailable)
Will    .....                   (boots unavailable)
Stlth   +.........              (no amulet)
HPRegen 0.97/turn               (no ring)
MPRegen 0.09/turn               (no ring)

@: no status effects
A: large, unfitting armour, claws 3, regeneration 1, shaggy fur 1, tough skin 1
a: no special abilities


You were on level 4 of the Dungeon.
You visited 1 branch of the dungeon, and saw 3 of its levels.
You also visited: Sewer.

You collected 48 gold pieces.

Inventory:

Hand Weapons
 a - a +0 flail (weapon)
Missiles
 e - 6 poisoned darts (quivered)
 i - a stone
 o - 19 arrows
Armour
 b - a +0 robe (worn)
 c - a +0 kite shield (worn)
Magical Staves
 g - a staff of earth
Scrolls
 f - a scroll of immolation {unknown}
 h - a scroll of vulnerability {unknown}
 k - 2 scrolls of blinking {unknown}
 m - a scroll of enchant armour {unknown}
 r - a scroll of teleportation {unknown}
 s - a scroll of enchant weapon {unknown}
 t - 2 scrolls of identify {unknown}
Potions
 d - a potion of might
 j - 2 potions of degeneration {unknown}
 l - a potion of haste {unknown}
 n - a potion of cancellation {unknown}
 p - 2 potions of berserk rage {unknown}
 q - a potion of curing {unknown}


   Skills:
 + Level 3.1 Fighting
 + Level 3.8 Maces & Flails
 + Level 3.3 Dodging
 + Level 0.4 Stealth
 + Level 3.1 Shields


You had 4 spell levels left.
You didn't know any spells.
Your spell library was empty.

Dungeon Overview and Level Annotations

Branches:
Dungeon (4/15)              Sewer (visited)
 Temple: D:4-7

Altars:

Annotations:
D:4 Grinder


Innate Abilities, Weirdness & Mutations

You are too large for most types of armour.
You have claws for hands.
Your natural rate of healing is unusually fast.
You are covered in fur. (AC +1)
You have tough skin. (AC +1)


Message History

Welcome back to the Dungeon!
Level annotation: Grinder The adder bites you but does no damage.
There is a collapsed entrance here.
You barely miss the adder. The adder closely misses you.
The adder bites you but does no damage.
You closely miss the adder. You block the adder's attack.
The adder closely misses you.
You sock the adder!
You kill the adder!
Grinder blinks!
You hit the ogre.
The ogre is moderately wounded.
The ogre hits you with a +0 giant club!!
You hit the ogre.
The ogre is heavily wounded.
The ogre misses you.
You hit the ogre.
The ogre is heavily wounded.
You block the ogre's attack.
You barely miss the ogre.
The ogre is heavily wounded.
The ogre barely misses you.
You hit the ogre.
The ogre is severely wounded.
The ogre hits you with a +0 giant club!
Grinder blinks!
You barely miss the ogre.
The ogre is severely wounded.
The ogre hits you with a +0 giant club!!
* * * LOW HITPOINT WARNING * * *
You sock the ogre!
You kill the ogre!
You hear a splash.
The hornet zombie hits you.
* * * LOW HITPOINT WARNING * * *
You barely miss the hornet zombie. You block the hornet zombie's attack.
You hit the hornet zombie.
The hornet zombie is lightly damaged.
You block the hornet zombie's attack. The hornet zombie hits you!
You die...

#..##..#......#
#....#≈##.#####
##.###5# .# #
#≈# ## #≈# #≈#
#≈# #Z# #@# #≈#
###


You could see Grinder and a hornet zombie.

Vanquished Creatures
  An ogre (D:4)
  A howler monkey (D:4)
  7 adders
  2 river rats (Sewer)
  A dart slug (D:1)
  2 orcs (D:4)
  A bat (D:1)
  3 giant cockroaches
  A goblin (D:1)
  2 hobgoblins (D:1)
  2 kobolds (D:1)
  A quokka (D:1)
  8 ball pythons
  12 frilled lizards
  16 rats
60 creatures vanquished.

Notes
Turn   | Place    | Note
-------+----------+-------------------------------------------
     0 | D:1      | issech the Troll Fighter began the quest for the Orb.
     0 | D:1      | Reached XP level 1. HP: 22/22 MP: 0/0
     2 | D:1      | Noticed a troll
     2 | D:1      | Noticed an ogre
     4 | D:1      | Noticed a ghoul
     4 | D:1      | Noticed a minotaur
     6 | D:1      | Noticed a demigod
     8 | D:1      | Noticed a vampire
     8 | D:1      | Noticed a vine stalker
    12 | D:1      | Noticed a draconian
    12 | D:1      | Noticed a dwarf
    14 | D:1      | Noticed a demonspawn
    16 | D:1      | Noticed a spriggan
    16 | D:1      | Noticed an elf
    18 | D:1      | Noticed a formicid
    18 | D:1      | Noticed a human
    20 | D:1      | Noticed an octopode
    20 | D:1      | Noticed a gargoyle
    22 | D:1      | Noticed a tengu
    22 | D:1      | Noticed a naga
    24 | D:1      | Noticed a merfolk
    26 | D:1      | Noticed a felid
   233 | D:1      | Reached XP level 2. HP: 29/29 MP: 1/1
   549 | D:1      | Found a faded altar of an unknown god.
  1253 | D:2      | Reached XP level 3. HP: 21/36 MP: 2/2
  1407 | D:2      | You fall into a shaft and drop 2 floors!
  1415 | D:4      | Noticed an ogre
  1416 | D:4      | Noticed Grinder
  1425 | D:4      | Reached XP level 4. HP: 36/44 MP: 3/3
  1442 | D:4      | Found a glowing drain.
  1451 | Sewer    | Entered a sewer
  1579 | Sewer    | Reached XP level 5. HP: 52/53 MP: 4/4
  1864 | D:4      | Killed an ogre
  1866 | D:4      | Mangled by a hornet zombie

Illustrated notes

Levels and vault maps discovered:
D:1:      kb_arrival_jail, layout_basic, hellmonk_ecumenical_altar_crossroads,
          moated_statue, minmay_misc_feat_secret_circle
D:2:      layout_loops_ring
D:4:      layout_basic, lemuel_mausoleum_altar_kikubaaqudgha,
          nemelex_diamond_rough_becter, temple_fountains, portal_sewer_entry_d,
          minmay_distorted, uniq_duvessa, uniq_edmund, uniq_grinder

Skill      XL: |  1  2  3  4  5 |
---------------+----------------+-----
Maces & Flails | 2 3 |  3.8
Dodging        | 3 |  3.3
Fighting       | 3 |  3.1
Shields        | 3 |  3.1
Stealth        | |  0.4

Action                   |  1- 3 |  4- 6 || total
-------------------------+-------+-------++-------
Melee: Flail             |   106 |    79 ||   185
 Stab: Sleeping          |     1 |     2 ||     3
Armor: Robe              |    43 |    26 ||    69
Dodge: Dodged            |    44 |    23 ||    67
Block: Kite shield       |    36 |    32 ||    68
